 Dungeon Crawl Stone Soup version 0.26-a0-597-gb535b0901c (webtiles) character file.

Game seed: 1276745017510370339

1026 Lanoc the Covert (level 8, -4/53 HPs)
             Began as a Kobold Delver on Sept 1, 2020.
             Was a Believer of Lugonu.
             Slain by a sky beast (5 damage)
             ... on level 5 of the Dungeon.
             The game lasted 00:04:24 (2104 turns).

Lanoc the Covert (Kobold Delver)                    Turns: 2104, Time: 00:04:25

Health: -4/53      AC:  3    Str:  9    XL:     8   Next: 47%
Magic:  0/9        EV: 19    Int: 11    God:    Lugonu [**....]
Gold:   127        SH:  0    Dex: 19    Spells: 7/7 levels left

rFire    . . .     SeeInvis .   a - +0 short sword
rCold    . . .     Faith    .   (shield restricted)
rNeg     . . .     Spirit   +   b - +0 leather armour
rPois    .         Reflect  .   (no helmet)
rElec    .         Harm     .   (no cloak)
rCorr    .                      (no gloves)
MR       .....                  (no boots)
Stlth    +++++.....             e - amulet of guardian spirit
HPRegen  0.17/turn              (no ring)
MPRegen  0.11/turn              (no ring)

@: no status effects
A: small, nightstalker 3
a: Depart the Abyss, Bend Space, Renounce Religion


You were on level 5 of the Dungeon.
You worshipped Lugonu.
Lugonu was pleased with you.
You visited 1 branch of the dungeon, and saw 3 of its levels.

You collected 127 gold pieces.

Inventory:

Hand Weapons
 a - a +0 short sword (weapon)
Armour
 b - a +0 leather armour (worn)
Jewellery
 e - an amulet of guardian spirit (around neck)
Wands
 g - a wand of digging (2)
 p - a wand of enslavement (4)
Scrolls
 c - a scroll of fog
 d - a scroll of magic mapping
 i - a scroll of amnesia {unknown}
 j - 3 scrolls of teleportation {unknown}
 k - 2 scrolls of identify {unknown}
 r - a scroll of enchant weapon {unknown}
 s - a scroll of noise {unknown}
Potions
 f - a potion of haste
 h - 3 potions of degeneration {unknown}
 l - 2 potions of might {unknown}
 m - a potion of magic {unknown}
 n - a potion of lignification {unknown}
 o - 4 potions of heal wounds
 q - 2 potions of curing {unknown}


   Skills:
 + Level 7.0 Fighting
 - Level 2.6 Short Blades
 + Level 7.1 Dodging
 + Level 8.9 Stealth
 + Level 2.5 Invocations


You had 7 spell levels left.
You didn't know any spells.
Your spell library was empty.

Dungeon Overview and Level Annotations

Branches:
Dungeon (5/15)
 Temple: D:4-7

Altars:
Elyvilon
Fedhas
Makhleb
Sif Muna
Zin
Lugonu


Innate Abilities, Weirdness & Mutations

You are small and have problems with some larger weapons.
You are completely attuned to the shadows.


Message History

Something hits you.
* * * LOW HITPOINT WARNING * * *
Something shocks you.
* * * LOW HITPOINT WARNING * * *
You completely miss something.
Your centaur barely misses something.
The phantom misses you. The jackal skeleton misses you.
Your centaur hits something.
A sky beast appears from thin air!
Reactivating autopickup.
The sky beast hits your centaur. The sky beast shocks your centaur.
You miss the sky beast.
The sky beast is almost dead.
Your centaur barely misses the sky beast.
The phantom misses you.
The jackal skeleton completely misses you.
The sky beast flickers out of sight!
Deactivating autopickup; reactivate with Ctrl-A.
Something hits you.
* * * LOW HITPOINT WARNING * * *
Something shocks you.
You die...

........###.. ... ....#...#...#
.# . #.. ..#####....##... ..#..
...#.##.....#..##. #....
.....###.....#...... #)
.†.......#...#.....#..W..# ...#.
......######.......#.....###.....
......# #............##....#..
........ #..(Z@.......#.....###
.#...... #...W{................
#....c..[........##...
....#..................
....#.............##... ..
.......###.######.. .....#....#
##. ##...#..... ## #....>...##


You could see a phantom, a jackal skeleton and a friendly centaur (charmed).

Vanquished Creatures
  Grinder (D:3)
  Menkaure (D:5)
  An ice beast (D:5)
  3 ogres
  2 centaurs (D:5)
  2 hounds
  Terence (D:3)
  An orc priest (D:3)
  Ijyb (D:3)
  A worker ant (D:4)
  3 adders (D:3)
  An ufetubus (D:5)
  2 leopard geckos (D:4)
  4 orcs (D:3)
  A giant cockroach (D:4)
  2 goblins (D:3)
  A hobgoblin (D:3)
  3 jackals (D:5)
  A kobold (D:3)
  A quokka (D:3)
  A ball python (D:3)
  A rat (D:3)
35 creatures vanquished.

Notes
Turn   | Place    | Note
-------+----------+-------------------------------------------
     0 | D:5      | Lanoc the Kobold Delver began the quest for the Orb.
     0 | D:5      | Reached XP level 1. HP: 14/14 MP: 1/1
     7 | D:5      | Noticed a phantom
    15 | D:5      | Noticed an ice beast
    32 | D:5      | Killed an ice beast
    32 | D:5      | Reached XP level 2. HP: 20/20 MP: 2/2
    32 | D:5      | Reached XP level 3. HP: 24/24 MP: 3/3
    32 | D:5      | Reached XP level 4. HP: 30/30 MP: 4/4
    43 | D:5      | Noticed an ogre
    43 | D:5      | Noticed an ogre
    50 | D:5      | Killed an ogre
    50 | D:5      | Reached skill level 5 in Fighting
    50 | D:5      | Reached skill level 5 in Dodging
    50 | D:5      | Reached XP level 5. HP: 35/35 MP: 5/5
    59 | D:5      | Killed an ogre
    59 | D:5      | Reached skill level 7 in Stealth
    59 | D:5      | Reached XP level 6. HP: 40/40 MP: 6/6
   310 | D:5      | Noticed Menkaure
   312 | D:5      | Reached XP level 7. HP: 45/45 MP: 7/7
   315 | D:5      | Killed Menkaure
   683 | D:3      | Noticed Terence
   687 | D:3      | Killed Terence
   699 | D:3      | Reached skill level 8 in Stealth
   708 | D:3      | Found a faded altar of an unknown god.
   718 | D:3      | Became a worshipper of Lugonu the Unformed
   718 | D:3      | Reached * piety under Lugonu
   718 | D:3      | Reached ** piety under Lugonu
   766 | D:3      | Found a shimmering blue altar of Sif Muna.
  1156 | D:3      | Noticed Grinder
  1164 | D:3      | Paralysed by Grinder for 2 turns
  1185 | D:3      | Killed Grinder
  1185 | D:3      | Reached skill level 1 in Invocations
  1185 | D:3      | Reached XP level 8. HP: 31/52 MP: 6/9
  1316 | D:3      | Noticed Ijyb
  1320 | D:3      | Killed Ijyb
  1583 | D:3      | Found a blossoming altar of Fedhas.
  1733 | D:4      | Found a white marble altar of Elyvilon.
  1973 | D:5      | Found a burning altar of Makhleb.
  1975 | D:5      | Found a glowing silver altar of Zin.
  1975 | D:5      | Noticed a balrug
  1977 | D:5      | Noticed an angel
  2102 | D:5      | HP: 2/53 [something (5)]
  2104 | D:5      | Slain by a sky beast

Illustrated notes

Levels and vault maps discovered:
D:3:      layout_basic, fedhas_altar_4, overflow_temple_1_default,
          chequers_ecumenical_altar_simple, uniq_grinder, uniq_terence,
          uniq_ijyb
D:4:      layout_cave_pools, nicolae_overflow_hidden_temple,
          minmay_temple_entry_poolview
D:5:      layout_cave_pools, grunt_temple_overflow_order_and_chaos_2,
          uniq_menkaure, uniq_duvessa

Skill      XL: |  1  2  3  4  5  6  7  8 |
---------------+-------------------------+-----
Fighting       | 4 5 6 7 |  7.0
Dodging        | 4 5 6 7 |  7.1
Stealth        | 7 8 |  8.9
Invocations    | 1 2 |  2.5
Short Blades   | |  2.6

Action                   |  1- 3 |  4- 6 |  7- 9 || total
-------------------------+-------+-------+-------++-------
Melee: Short sword       |    11 |    15 |   143 ||   169
Evoke: Wand              |       |       |     5 ||     5
  Use: Scroll            |       |       |     1 ||     1
       Potion            |       |       |     1 ||     1
 Stab: Sleeping          |     1 |     3 |    15 ||    19
       Distracted        |       |     1 |       ||     1
Armor: Leather armour    |     4 |       |    17 ||    21
Dodge: Dodged            |     5 |    10 |   215 ||   230

Table legend: (Time is in decaauts)
 A = Elapsed time spent in this place.
 B = Non-inter-level travel time spent in this place.
 C = Inter-level travel time spent in this place.
 D = Time resting spent in this place.
 E = Time spent auto-exploring this place.
 F = Levels seen in this place.
 G = Mean time per level.
                   A        B        C        D        E       F      G
               +--------+--------+--------+--------+--------+-----+--------+
         Total |   2100 |   2078 |     22 |    217 |   1386 |   3 |  700.0 |
       Dungeon |   2100 |   2078 |     22 |    217 |   1386 |   3 |  700.0 |
               +--------+--------+--------+--------+--------+-----+--------+

Top non-repeatable levels by time:
     D:3: 982 daAuts
     D:5: 680 daAuts
     D:4: 436 daAuts
